 Dungeon Crawl Stone Soup version 0.31.0-11-ge490571c62 (webtiles) character file.

Game seed: 15258350862688835954

21 qw the Shooter (level 2, 0/16 HPs)
             Began as a Deep Elf Hunter on Feb 4, 2024.
             Succumbed to their own poison gas
             ... on level 1 of the Dungeon.
             The game lasted 00:00:05 (600 turns).

qw the Shooter (Deep Elf Hunter)                     Turns: 600, Time: 00:00:06

Health: 0/16       AC:  5    Str:  8    XL:     2   Next: 62%
Magic:  4/4        EV: 12    Int: 13    God:
Gold:   54         SH:  0    Dex: 18    Spells: 1/1 levels left

rFire   . . .        a - +0 shortbow
rCold   . . .        (shield currently unavailable)
rNeg    . . .        c - +0 leather armour
rPois   .            (no helmet)
rElec   .            (no cloak)
rCorr   .            g - +1 pair of gloves
SInv    .            (no boots)
Will    .....        (no amulet)
Stlth   ++           (no ring)
HPRegen 0.22/turn    (no ring)
MPRegen 0.09/turn

%: no passive effects
@: lethally poisoned (0 -> -10)
A: no striking features
a: no special abilities


You were on level 1 of the Dungeon.
You visited 1 branch of the dungeon, and saw 1 of its levels.

You collected 54 gold pieces.


   Skills:
 - Level 1.5 Fighting
 + Level 6.4 Ranged Weapons
 - Level 2.4 Dodging
 - Level 1.2 Stealth


You had one spell level left.
You didn't know any spells.
Your spell library was empty.

Inventory:

Hand Weapons
 a - a +0 shortbow (weapon)
Armour
 c - a +0 leather armour (worn)
 g - a +1 pair of gloves (worn)
Potions
 e - a potion of heal wounds {unknown}
 f - a potion of invisibility {unknown}

Dungeon Overview and Level Annotations

Branches:
Dungeon (1/15)

Altars:


Message History

Found a faded altar of an unknown god.
Done exploring.
589 ||| UPGRADING to +0 pair of gloves.
You start putting on your armour.
You continue putting on your +0 pair of gloves. x4
You finish putting on your +0 pair of gloves.
Done exploring.
594 ||| READING scroll labelled AROJUWK ZEWNE.
As you read the scroll labelled AROJUWK ZEWNE, it crumbles to dust.
It is a scroll of enchant armour.
594 ||| ENCHANTING +0 pair of gloves.
Your +0 pair of gloves glows green for a moment.
Done exploring.
595 ||| READING scroll labelled NUEZIO VUANGU.
The air fills with toxic fumes!
As you read the scroll labelled NUEZIO VUANGU, it crumbles to dust.
It was a scroll of poison.
Done exploring.
596 ||| DROPPING scroll of butterflies.
You drop a scroll of butterflies.
Done exploring.
What level of the Dungeon? (default 1, ? - help) Sorry, I don't know how to get there.
Enter note:
Enter note:
Enter note:
Enter note:
Enter note:
Enter note:
Enter note:
Enter note:
Enter note: You are engulfed in poison gas.
You are lethally poisoned!
You feel very sick.
598 ||| Stepping ~*~*~tactically~*~*~ (cloud).
You feel very sick.
You see here a scroll of butterflies.
There is a lethal amount of poison in your body!
You feel very sick.
There is a lethal amount of poison in your body!
You die...

#............# #...##'##.
#.....¤¤¤¤...# ##.#.#...#.
##.~}~P¤¤¤~.## ###....#.8.#.
#.~).P¤P¤¤.######...##.#...#.
#.}.####¤¤....#¤..####.##+##.
#.~.#¤¤P0¤¤##.¤.#P###........
#.~%####¤P¤##¤##~~7...##.####
#.P..¤¤¤¤¤¤¤¤¤#7~~~7.###.####
#.}}~P¤0¤¤¤¤@¤#~~~~7........#
#....¤¤¤¤0¤0¤¤¤¤PP~77######.#
######¤0¤¤¤#¤¤¤¤¤¤¤~7# #.#
#¤0¤¤¤07¤¤¤¤P¤0~P# #.#
#¤¤¤¤¤~~¤¤¤¤¤¤¤~~## #..
#¤¤¤¤77~0¤0¤P¤¤~~P## ##.
#¤¤¤¤7~~¤¤¤¤¤P¤~~~P# ##
##.#77~~....~~~~~~7## # #.#
77~~..~7~P~~77.###


There were no monsters in sight!

Vanquished Creatures
  A ball python (D:1)
  2 endoplasms (D:1)
  2 goblins (D:1)
  2 hobgoblins (D:1)
  A quokka (D:1)
  2 bats (D:1)
  6 kobolds (D:1)
  A rat (D:1)
17 creatures vanquished.

Notes
Turn   | Place    | Note
-------+----------+-------------------------------------------
     0 | D:1      | qw the Deep Elf Hunter began the quest for the Orb.
     0 | D:1      | Reached XP level 1. HP: 12/12 MP: 3/3
     0 | D:1      | 0 ||| qw: Version: 0.3-a-160-g6735b56
     0 | D:1      | 0 ||| qw: Game counter: 6047
     0 | D:1      | 0 ||| qw: Melee chars always use a shield: true
     0 | D:1      | 0 ||| qw: God list: Okawaru
     0 | D:1      | 0 ||| qw: Allow faded altars: false
     0 | D:1      | 0 ||| qw: Do Orc after clearing Dungeon:15 true
     0 | D:1      | 0 ||| qw: Do second Lair branch before Depths: true
     0 | D:1      | 0 ||| qw: Lair rune preference: random
     0 | D:1      | 0 ||| qw: Goals: Normal
     0 | D:1      | 0 ||| PLANNING D:1-11
    81 | D:1      | HP: 2/12 [quokka (2)]
   258 | D:1      | Reached XP level 2. HP: 16/16 MP: 4/4
   276 | D:1      | Reached skill level 6 in Ranged Weapons
   588 | D:1      | Found a faded altar of an unknown god.
   589 | D:1      | 589 ||| UPGRADING to +0 pair of gloves.
   594 | D:1      | 594 ||| READING scroll labelled AROJUWK ZEWNE.
   594 | D:1      | 594 ||| ENCHANTING +0 pair of gloves.
   595 | D:1      | 595 ||| READING scroll labelled NUEZIO VUANGU.
   596 | D:1      | 596 ||| DROPPING scroll of butterflies.
   598 | D:1      | 598 ||| Stepping ~*~*~tactically~*~*~ (cloud).
   599 | D:1      | HP: 3/16 [poisoned by you (poison gas)]
   600 | D:1      | Succumbed to their own poison gas

Levels and vault maps discovered:
D:1:      lemuel_arrival_room, layout_rooms,
          shapermc_ecumenical_altar_acropolis, minmay_misc_feat_room,
          minmay_misc_feat_four_crosses, serial_bayou_ford_a

Skill      XL: |  1  2 |
---------------+-------+-----
Ranged Weapons | 6 |  6.4
Fighting       | |  1.5
Dodging        | |  2.4
Stealth        | |  1.2

Action                     || total
---------------------------++-------
   Fire: Shortbow          ||    46
    Use: Scroll            ||     2
 Armour: Leather armour    ||     7
  Dodge: Dodged            ||     3

Table legend:
 A = Non-vault XP
 B = Vault XP
 C = Vault XP percentage of total XP
 D = Non-vault monster count
 E = Vault monster count
 F = Vault count percentage of total count
                 A         B        C        D         E       F
            +---------+---------+-------+---------+---------+-------
      Total |      30 |       0 |   0.0 |      17 |       0 |   0.0
            +---------+---------+-------+---------+---------+-------
        D:1 |      30 |       0 |   0.0 |      17 |       0 |   0.0
            +---------+---------+-------+---------+---------+-------
